TOP OF THE 1ST |
Scottsdale Scorpions batting - Pitching for Savannah Hogs : LHP Mike Drake
|
Pitching: LHP Mike Drake
|
|
Batting: RHB Miguel Ramos
|
0-0: Called Strike 0-1: Fly out, F8 (Flyball, 8LM)
|
Batting: RHB José Martínez
|
0-0: Ball 1-0: Swinging Strike 1-1: Called Strike 1-2: Ball 2-2: Foul Ball, location: 2F 2-2: Strikes out swinging
|
Batting: RHB Steve Boyer
|
0-0: Swinging Strike 0-1: Swinging Strike 0-2: Foul Ball, location: 2F 0-2: Strikes out looking
|
Top of the 1st over - 0 runs, 0 hits, 0 errors, 0 left on base; Scottsdale 0 - Savannah 0 |
BOTTOM OF THE 1ST |
Savannah Hogs batting - Pitching for Scottsdale Scorpions : RHP Miguel Yan
|
Pitching: RHP Miguel Yan
|
|
Batting: RHB Luis Mercado
|
0-0: Called Strike 0-1: Foul Ball, location: 2F 0-2: Ball 1-2: Strikes out swinging
|
Batting: SHB Ramón Minas
|
0-0: Single, Error in OF, E9, batter to second base
|
Batting: LHB Felipe Franco
|
0-0: Swinging Strike 0-1: Foul Ball, location: 2F 0-2: Strikes out swinging
|
Batting: RHB Pedro Cuevas
|
0-0: Called Strike 0-1: Ball 1-1: Foul Ball, location: 2F 1-2: Ball 2-2: Foul Ball, location: 2F 2-2: Ball 3-2: Strikes out swinging
|
Bottom of the 1st over - 0 runs, 1 hit, 1 error, 1 left on base; Scottsdale 0 - Savannah 0 |
TOP OF THE 2ND |
Scottsdale Scorpions batting - Pitching for Savannah Hogs : LHP Mike Drake
|
Batting: RHB Phil Rowlett
|
0-0: Ball 1-0: Ball 2-0: Called Strike 2-1: Foul Ball, location: 2F 2-2: Ground out 6-3 (Groundball, 6)
|
Batting: SHB Luis López
|
0-0: Ball 1-0: Called Strike 1-1: Called Strike 1-2: Ball 2-2: Strikes out swinging
|
Batting: LHB Clayton Bailey
|
0-0: Ball 1-0: Called Strike 1-1: Foul Ball, location: 2F 1-2: Foul Ball, location: 2F 1-2: Ball 2-2: Strikes out swinging, 2-3 out at first.
|
Top of the 2nd over - 0 runs, 0 hits, 0 errors, 0 left on base; Scottsdale 0 - Savannah 0 |
BOTTOM OF THE 2ND |
Savannah Hogs batting - Pitching for Scottsdale Scorpions : RHP Miguel Yan
|
Batting: RHB Louis Miller
|
0-0: Ball 1-0: Foul Ball, location: 2F 1-1: SINGLE (Groundball, 6MD)
|
Batting: RHB Wilson Ortíz
|
0-0: Ball 1-0: Called Strike 1-1: Hit by Pitch Louis Miller to second
|
Batting: SHB Gilberto Acevedo
|
0-0: Called Strike 0-1: Ball 1-1: SINGLE (Groundball, 4D) Louis Miller to third Wilson Ortíz to second
|
Batting: RHB Ramiro Villescaz
|
0-0: Ball 1-0: Called Strike 1-1: Ball 2-1: Foul Ball, location: 2F 2-2: Foul Ball, location: 2F 2-2: Strikes out swinging
|
Batting: RHB Miguel Martínez
|
0-0: Ball 1-0: Foul Ball, location: 2F 1-1: Foul Ball, location: 2F 1-2: Ball 2-2: Grounds into fielders choice 1-2 (Groundball, P) Wilson Ortíz to third Gilberto Acevedo to second
|
Batting: RHB Luis Mercado
|
0-0: Called Strike 0-1: Ground out 1-3 (Groundball, 15)
|
Bottom of the 2nd over - 0 runs, 2 hits, 0 errors, 3 left on base; Scottsdale 0 - Savannah 0 |
TOP OF THE 3RD |
Scottsdale Scorpions batting - Pitching for Savannah Hogs : LHP Mike Drake
|
Batting: LHB Ernesto Hernández
|
0-0: SINGLE (Line Drive, 4M)
|
Batting: RHB Rob Johnston
|
0-0: Ball Ernesto Hernández steals 2nd base 1-0: Swinging Strike 1-1: Ball 2-1: Foul Ball, location: 2F 2-2: Foul Ball, location: 2F 2-2: Fly out, F9 (Flyball, 9S)
|
Batting: RHB Jeff McQueen
|
0-0: Ball 1-0: Ball 2-0: Called Strike 2-1: SINGLE (Groundball, 6D) Ernesto Hernández to third Runner from 3rd tries for Home, SAFE, throw made home Jeff McQueen to second
|
Batting: RHB Miguel Ramos
|
0-0: Ball 1-0: Called Strike 1-1: Ball 2-1: Foul Ball, location: 2F 2-2: Ball 3-2: Ground out 3-1 (Groundball, 34S) Jeff McQueen to third
|
Batting: RHB José Martínez
|
0-0: Ball 1-0: Called Strike 1-1: Ball Wild Pitch! Jeff McQueen scores 2-1: Ball 3-1: Ground out 5-3 (Groundball, 5L)
|
Top of the 3rd over - 2 runs, 2 hits, 0 errors, 0 left on base; Scottsdale 2 - Savannah 0 |
BOTTOM OF THE 3RD |
Savannah Hogs batting - Pitching for Scottsdale Scorpions : RHP Miguel Yan
|
Batting: SHB Ramón Minas
|
0-0: Ball 1-0: Ball 2-0: Ground out U3 (Groundball, 3)
|
Batting: LHB Felipe Franco
|
0-0: Called Strike 0-1: Ball 1-1: Swinging Strike 1-2: Strikes out swinging
|
Batting: RHB Pedro Cuevas
|
0-0: Ball 1-0: Ball 2-0: Called Strike 2-1: Ball 3-1: Called Strike 3-2: Strikes out looking
|
Bottom of the 3rd over - 0 runs, 0 hits, 0 errors, 0 left on base; Scottsdale 2 - Savannah 0 |
TOP OF THE 4TH |
Scottsdale Scorpions batting - Pitching for Savannah Hogs : LHP Mike Drake
|
Batting: RHB Steve Boyer
|
0-0: Swinging Strike 0-1: Foul Ball, location: 2F 0-2: Foul Ball, location: 2F 0-2: Fly out, F3 (Popup, 34S)
|
Batting: RHB Phil Rowlett
|
0-0: Called Strike 0-1: Ball 1-1: Foul Ball, location: 2F 1-2: Ball 2-2: Ball 3-2: Base on Balls
|
Batting: SHB Luis López
|
0-0: Called Strike 0-1: Hit by Pitch Phil Rowlett to second
|
Batting: LHB Clayton Bailey
|
0-0: Ball 1-0: Ball 2-0: Foul Ball, location: 2F 2-1: Foul Ball, location: 2F 2-2: Fly out, F9 (Flyball, 9S)
|
Batting: LHB Ernesto Hernández
|
0-0: Ball 1-0: Fly out, F6 (Line Drive, 56D)
|
Top of the 4th over - 0 runs, 0 hits, 0 errors, 2 left on base; Scottsdale 2 - Savannah 0 |
BOTTOM OF THE 4TH |
Savannah Hogs batting - Pitching for Scottsdale Scorpions : RHP Miguel Yan
|
Batting: RHB Louis Miller
|
0-0: Ball 1-0: Swinging Strike 1-1: Ball 2-1: Foul Ball, location: 2F 2-2: Foul Ball, location: 2F 2-2: Ball 3-2: Foul Ball, location: 2F 3-2: Base on Balls
|
Batting: RHB Wilson Ortíz
|
0-0: Called Strike 0-1: Ball 1-1: Ball 2-1: Called Strike 2-2: Ball 3-2: Foul Ball, location: 2F 3-2: Base on Balls Louis Miller to second
|
Batting: SHB Gilberto Acevedo
|
0-0: Fielders Choice at 2nd, 6-4 (Groundball, 56) Louis Miller to third
|
Batting: RHB Ramiro Villescaz
|
0-0: Called Strike 0-1: Foul Ball, location: 2F 0-2: Ball 1-2: Strikes out swinging
|
Batting: RHB Miguel Martínez
|
0-0: Ball 1-0: Called Strike 1-1: Ground out 4-3 (Groundball, 4)
|
Bottom of the 4th over - 0 runs, 0 hits, 0 errors, 2 left on base; Scottsdale 2 - Savannah 0 |
TOP OF THE 5TH |
Scottsdale Scorpions batting - Pitching for Savannah Hogs : LHP Mike Drake
|
Now at C: José Ramos
|
|
Batting: RHB Rob Johnston
|
0-0: Called Strike 0-1: Foul Ball, location: 2F 0-2: Foul Ball, location: 2F 0-2: Strikes out looking
|
Batting: RHB Jeff McQueen
|
0-0: SINGLE (Groundball, 34D)
|
Batting: RHB Miguel Ramos
|
0-0: Called Strike 0-1: Ball 1-1: Swinging Strike 1-2: Strikes out looking
|
Batting: RHB José Martínez
|
0-0: Ball 1-0: SINGLE (Line Drive, 7S) Jeff McQueen to second
|
Batting: RHB Steve Boyer
|
0-0: Called Strike 0-1: Fly out, F9 (Flyball, 89S)
|
Top of the 5th over - 0 runs, 2 hits, 0 errors, 2 left on base; Scottsdale 2 - Savannah 0 |
BOTTOM OF THE 5TH |
Savannah Hogs batting - Pitching for Scottsdale Scorpions : RHP Miguel Yan
|
Batting: RHB Luis Mercado
|
0-0: Fly out, F7 (Flyball, 7LS)
|
Batting: SHB Ramón Minas
|
0-0: Ball 1-0: Foul Ball, location: 2F 1-1: SINGLE (Flyball, 78S)
|
Batting: LHB Felipe Franco
|
0-0: Ball 1-0: Called Strike Ramón Minas steals 2nd base 1-1: Ball 2-1: Called Strike 2-2: Foul Ball, location: 2F 2-2: Strikes out swinging
|
Batting: RHB Pedro Cuevas
|
0-0: Ball Wild Pitch! Ramón Minas to third 1-0: Called Strike 1-1: Swinging Strike 1-2: SINGLE (Groundball, 56D) Ramón Minas scores
|
Batting: RHB Louis Miller
|
0-0: Called Strike 0-1: Ground out U3 (Groundball, 34S)
|
Bottom of the 5th over - 1 run, 2 hits, 0 errors, 1 left on base; Scottsdale 2 - Savannah 1 |
TOP OF THE 6TH |
Scottsdale Scorpions batting - Pitching for Savannah Hogs : LHP Mike Drake
|
Batting: RHB Phil Rowlett
|
0-0: Foul Ball, location: 2F 0-1: Ball 1-1: Fly out, F9 (Flyball, 9D)
|
Batting: SHB Luis López
|
0-0: Ball 1-0: Ball 2-0: Called Strike 2-1: Ball 3-1: Foul Ball, location: 2F 3-2: Foul Ball, location: 2F 3-2: Base on Balls
|
Batting: LHB Clayton Bailey
|
0-0: Ball 1-0: Foul Ball, location: 2F 1-1: Called Strike 1-2: SINGLE (Line Drive, 5L) Luis López to second
|
Pitching: RHP Fernando Barrios
|
|
Batting: LHB Ernesto Hernández
|
0-0: Ball 1-0: Foul Ball, location: 2F 1-1: Called Strike 1-2: Strikes out swinging
|
Batting: RHB Rob Johnston
|
0-0: Called Strike 0-1: Swinging Strike 0-2: Ball 1-2: SINGLE (Line Drive, 78M) Luis López to third Clayton Bailey to second Runner from 3rd tries for Home, SAFE, no throw
|
Batting: RHB Jeff McQueen
|
0-0: Ball 1-0: Ball 2-0: Called Strike 2-1: Fly out, F7 (Flyball, 7LM)
|
Top of the 6th over - 1 run, 2 hits, 0 errors, 2 left on base; Scottsdale 3 - Savannah 1 |
BOTTOM OF THE 6TH |
Savannah Hogs batting - Pitching for Scottsdale Scorpions : RHP Miguel Yan
|
Batting: RHB José Ramos
|
0-0: Ball 1-0: Called Strike 1-1: Foul Ball, location: 2F 1-2: Ball 2-2: Strikes out swinging
|
Batting: SHB Gilberto Acevedo
|
0-0: Foul Ball, location: 2F 0-1: SINGLE (Line Drive, 4M)
|
Batting: RHB Ramiro Villescaz
|
0-0: Called Strike Gilberto Acevedo steals 2nd base 0-1: Ball 1-1: Fly out, F9 (Line Drive, 9) Runner from 2nd tags up, SAFE at 3rd with throw
|
Batting: RHB Miguel Martínez
|
0-0: Ball 1-0: Called Strike 1-1: Swinging Strike 1-2: Strikes out swinging, 2-3 out at first.
|
Bottom of the 6th over - 0 runs, 1 hit, 0 errors, 1 left on base; Scottsdale 3 - Savannah 1 |
TOP OF THE 7TH |
Scottsdale Scorpions batting - Pitching for Savannah Hogs : RHP Fernando Barrios
|
Batting: RHB Miguel Ramos
|
0-0: Ball 1-0: Ball 2-0: Called Strike 2-1: Swinging Strike 2-2: Strikes out swinging
|
Batting: RHB José Martínez
|
0-0: Ball 1-0: Ball 2-0: Ball 3-0: Called Strike 3-1: Called Strike 3-2: Base on Balls
|
Batting: RHB Steve Boyer
|
0-0: Called Strike 0-1: Called Strike 0-2: Foul Ball, location: 2F 0-2: Ball 1-2: Ball 2-2: Ball 3-2: Foul Ball, location: 2F 3-2: Grounds into double play, 4-6-3 (Groundball, 4)
|
Top of the 7th over - 0 runs, 0 hits, 0 errors, 0 left on base; Scottsdale 3 - Savannah 1 |
BOTTOM OF THE 7TH |
Savannah Hogs batting - Pitching for Scottsdale Scorpions : RHP Miguel Yan
|
Pitching: RHP José Amaya
|
|
Batting: RHB Luis Mercado
|
0-0: Called Strike 0-1: Called Strike 0-2: Foul Ball, location: 2F 0-2: Ball 1-2: Foul Ball, location: 2F 1-2: Strikes out swinging
|
Batting: SHB Ramón Minas
|
0-0: Swinging Strike 0-1: Foul Ball, location: 2F 0-2: Ball 1-2: Foul Ball, location: 2F 1-2: Foul Ball, location: 2F 1-2: Ground out 3-1 (Groundball, 34S)
|
Batting: LHB Felipe Franco
|
0-0: Ball 1-0: Called Strike 1-1: Ball 2-1: Foul Ball, location: 2F 2-2: Ball 3-2: Hit by Pitch
|
Batting: RHB Pedro Cuevas
|
0-0: Ball 1-0: Ball 2-0: Ball 3-0: Base on Balls Felipe Franco to second
|
Pinch Hitting: RHB Tucker Cooper
|
0-0: Fielders Choice at 2nd, 6-4 (Groundball, 6)
|
Bottom of the 7th over - 0 runs, 0 hits, 0 errors, 2 left on base; Scottsdale 3 - Savannah 1 |
TOP OF THE 8TH |
Scottsdale Scorpions batting - Pitching for Savannah Hogs : RHP Fernando Barrios
|
Pitching: RHP Leo Blackley
|
|
Now at 1B: Tucker Cooper
|
|
Batting: RHB Phil Rowlett
|
0-0: Ball 1-0: Ball 2-0: Foul Ball, location: 2F 2-1: Ball 3-1: Base on Balls
|
Batting: SHB Luis López
|
0-0: Ball 1-0: Called Strike 1-1: Ball 2-1: Foul Ball, location: 2F 2-2: Fielders Choice at 2nd, 6-4 (Groundball, 6M)
|
Batting: LHB Clayton Bailey
|
0-0: Swinging Strike 0-1: Ball 1-1: Ball 2-1: Foul Ball, location: 2F 2-2: Ball 3-2: Foul Ball, location: 2F 3-2: Strikes out swinging
|
Batting: LHB Ernesto Hernández
|
0-0: Ground out U3 (Groundball, 34)
|
Top of the 8th over - 0 runs, 0 hits, 0 errors, 1 left on base; Scottsdale 3 - Savannah 1 |
BOTTOM OF THE 8TH |
Savannah Hogs batting - Pitching for Scottsdale Scorpions : RHP José Amaya
|
Now at 3B: Ronald Smith
|
|
Batting: RHB José Ramos
|
0-0: Ball 1-0: Called Strike 1-1: Ball 2-1: Called Strike 2-2: Foul Ball, location: 2F 2-2: Strikes out swinging
|
Batting: SHB Gilberto Acevedo
|
0-0: Ball 1-0: Fly out, F5 (Popup, 56S)
|
Batting: RHB Ramiro Villescaz
|
0-0: Ball 1-0: Called Strike 1-1: SINGLE (Line Drive, 9LS)
|
Batting: RHB Miguel Martínez
|
0-0: Ball 1-0: Called Strike 1-1: Swinging Strike 1-2: Ball 2-2: Strikes out looking
|
Bottom of the 8th over - 0 runs, 1 hit, 0 errors, 1 left on base; Scottsdale 3 - Savannah 1 |
TOP OF THE 9TH |
Scottsdale Scorpions batting - Pitching for Savannah Hogs : RHP Leo Blackley
|
Batting: RHB Ronald Smith
|
0-0: Ball 1-0: Ball 2-0: Ball 3-0: Called Strike 3-1: Called Strike 3-2: Base on Balls
|
Batting: RHB Jeff McQueen
|
0-0: Called Strike 0-1: Foul Ball, location: 2F 0-2: Strikes out swinging
|
Batting: RHB Miguel Ramos
|
0-0: Ball 1-0: Ball 2-0: Ball 3-0: Called Strike 3-1: Foul Ball, location: 2F 3-2: Foul Ball, location: 2F 3-2: Base on Balls Ronald Smith to second
|
Pinch Hitting: LHB Shawn Brown
|
0-0: Ball 1-0: Called Strike 1-1: Called Strike 1-2: Foul Ball, location: 2F 1-2: Ball 2-2: Hit by Pitch Ronald Smith to third Miguel Ramos to second
|
Pinch Runner at 1st Randy Banks:
|
|
Batting: RHB Steve Boyer
|
0-0: SINGLE (Flyball, 78M) Ronald Smith scores Miguel Ramos to third Randy Banks to second Runner from 3rd tries for Home, SAFE, no throw
|
Batting: RHB Phil Rowlett
|
0-0: Ball 1-0: Swinging Strike 1-1: Ball 2-1: Foul Ball, location: 2F 2-2: Strikes out looking
|
Batting: SHB Luis López
|
0-0: Swinging Strike 0-1: Ball 1-1: Foul Ball, location: 2F 1-2: Ball 2-2: Fielders Choice at 2nd, 6-4 (Groundball, 6)
|
Top of the 9th over - 2 runs, 1 hit, 0 errors, 2 left on base; Scottsdale 5 - Savannah 1 |
BOTTOM OF THE 9TH |
Savannah Hogs batting - Pitching for Scottsdale Scorpions : RHP José Amaya
|
Now at SS: Randy Banks
|
|
Batting: RHB Luis Mercado
|
0-0: Called Strike 0-1: Ball 1-1: Called Strike 1-2: Fly out, F9 (Flyball, 89M)
|
Batting: SHB Ramón Minas
|
0-0: Ball 1-0: Swinging Strike 1-1: Ball 2-1: Foul Ball, location: 2F 2-2: Foul Ball, location: 2F 2-2: Ball 3-2: SINGLE (Groundball, 3S) (infield hit)
|
Batting: LHB Felipe Franco
|
0-0: Ball 1-0: Foul Ball, location: 2F 1-1: Ball 2-1: Foul Ball, location: 2F 2-2: Foul Ball, location: 2F 2-2: Foul Ball, location: 2F 2-2: Foul Ball, location: 2F 2-2: Ball 3-2: Base on Balls Ramón Minas to second
|
Pitching: LHP Miguel Guerra
|
|
Batting: RHB Pedro Cuevas
|
0-0: Ball 1-0: Swinging Strike 1-1: Ball 2-1: Foul Ball, location: 2F 2-2: Ball 3-2: Base on Balls Ramón Minas to third Felipe Franco to second
|
Batting: RHB Tucker Cooper
|
0-0: Foul Ball, location: 2F 0-1: Ball 1-1: SINGLE (Groundball, 6MD) Ramón Minas scores Felipe Franco to third Pedro Cuevas to second
|
Batting: RHB José Ramos
|
0-0: Ball 1-0: Ball 2-0: Ball 3-0: Called Strike 3-1: Grounds into double play, 5-2-3 (Groundball, 56)
|
Bottom of the 9th over - 1 run, 2 hits, 0 errors, 2 left on base; Scottsdale 5 - Savannah 2 |
|